 Dungeon Crawl Stone Soup version 0.28-a0-664-gc179e30c89 (webtiles) character file.

Game seed: 17321903116979796624

3 Majang the Sneak (level 1, 0/12 HPs)
             Began as a Kobold Brigand on Oct 16, 2021.
             Slain by a gnoll (5 damage)
             ... on level 1 of the Dungeon.
             The game lasted 00:01:34 (124 turns).

Majang the Sneak (Kobold Brigand)                    Turns: 124, Time: 00:01:35

Health: 0/12       AC:  4    Str:  8    XL:     1   Next: 55%
Magic:  1/1        EV: 14    Int: 12    God:
Gold:   0          SH:  0    Dex: 16    Spells: 0/0 levels left

rFire   . . .      SeeInvis .   a - +2 dagger (speed)
rCold   . . .      Faith    .   (shield restricted)
rNeg    . . .      Spirit   .   b - +0 robe
rPois   .          Reflect  .   (no helmet)
rElec   .          Harm     .   c - +0 cloak
rCorr   .          Rampage  .   (no gloves)
Will    .....                   f - +0 pair of boots {Stlth+}
Stlth   +++++.....              (no amulet)
HPRegen 0.04/turn               (no ring)
MPRegen 0.07/turn               (no ring)

@: no status effects
A: small, no large weapons, nightstalker 3
a: no special abilities


You were on level 1 of the Dungeon.
You visited 1 branch of the dungeon, and saw 1 of its levels.

Inventory:

Hand Weapons
 a - a +2 dagger of speed (weapon)
 g - a +2 dagger
Missiles
 d - 8 poisoned darts (quivered)
Armour
 b - a +0 robe (worn)
 c - a +0 cloak (worn)
 f - a +0 pair of boots of stealth (worn)


   Skills:
 + Level 2.2 Fighting
 + Level 2.7(2.8) Short Blades
 * Level 0.1(1.0) Long Blades
 + Level 2.2 Throwing
 + Level 0.0 Armour
 + Level 1.3 Dodging
 + Level 5.3 Stealth


You couldn't memorise any spells.
You didn't know any spells.
Your spell library was empty.

Dungeon Overview and Level Annotations

Branches:
Dungeon (1/15)

Altars:


Innate Abilities, Weirdness & Mutations

You are small and have problems with some larger weapons.
You are completely attuned to the shadows.


Message History

You kill the endoplasm!
The helpless kobold fails to defend itself.
You impale the kobold!!
You kill the kobold!
You see here a +2 dagger of speed.
g - a +2 dagger of speed Adjust (i)tems, (s)pells, or (a)bilities?
g - a +2 dagger of speed Adjust to which letter? (? for menu, Esc to quit)
a - a +2 dagger of speed;
g - a +2 dagger (weapon)
Your hands tingle!
a - a +2 dagger of speed (weapon)
A gnoll comes into view. It is wielding a +2 vampiric whip.
Found a scale mail.
The gnoll shouts!
The gnoll hits you with a +2 vampiric whip!
Ouch! That really hurt!
You hit the gnoll.
The gnoll is lightly wounded.
The gnoll barely misses you.
Unknown command.
Throw: 8 darts (poison)
Press: ? - help, Q - select action, (/) - cycle Shift-Dir - straight line, f - gnoll
Aim: a gnoll, wielding a +2 vampiric whip (lightly wounded, 65% to hit)
Okay, then.
Throw: 2 darts (curare)
Press: ? - help, Shift-Dir - straight line, f - gnoll
Aim: a gnoll, wielding a +2 vampiric whip (lightly wounded, 65% to hit)
You throw a curare-tipped dart.
The curare-tipped dart closely misses the gnoll.
The gnoll misses you.
Throw: dart (curare)
Press: ? - help, Shift-Dir - straight line, f/p - gnoll
Aim: a gnoll, wielding a +2 vampiric whip (lightly wounded, 65% to hit)
You throw a curare-tipped dart. The curare-tipped dart hits the gnoll.
The gnoll is poisoned.
The gnoll convulses.
The gnoll seems to slow down.
The gnoll is almost dead.
The gnoll hits you with a +2 vampiric whip.
You die...

.......# ####
#.......# ...#
#.....#.# #### ...#
#.....#.##....
...#####.....#..#....
................@g..(
.......##....##.#..[.
.......##....##..##..
......(##....###.# .
.......##....# ..
...... (..... ......
..###


You could see a gnoll (very poisoned, slow).

Vanquished Creatures
  An endoplasm (D:1)
  A ball python (D:1)
  A kobold (D:1)
  A rat (D:1)
4 creatures vanquished.

Notes
Turn   | Place    | Note
-------+----------+-------------------------------------------
     0 | D:1      | Majang the Kobold Brigand began the quest for the Orb.
     0 | D:1      | Reached XP level 1. HP: 12/12 MP: 1/1
   124 | D:1      | Slain by a gnoll

Illustrated notes

Levels and vault maps discovered:
D:1:      psy_arrival_radial01, layout_basic,
          shapermc_ecumenical_altar_mp_highgroup

Action                   || total
-------------------------++-------
Melee: Dagger            ||     6
Throw: Dart              ||     2
 Stab: Sleeping          ||     2
Armor: Robe              ||     2
Dodge: Dodged            ||     3

Table legend: (Time is in decaauts)
 A = Elapsed time spent in this place.
 B = Non-inter-level travel time spent in this place.
 C = Inter-level travel time spent in this place.
 D = Time resting spent in this place.
 E = Time spent auto-exploring this place.
 F = Levels seen in this place.
 G = Mean time per level.
                   A        B        C        D        E       F      G
               +--------+--------+--------+--------+--------+-----+--------+
         Total |    122 |    122 |      0 |      0 |     87 |   1 |  122.0 |
       Dungeon |    122 |    122 |      0 |      0 |     87 |   1 |  122.0 |
               +--------+--------+--------+--------+--------+-----+--------+

Top non-repeatable levels by time:
     D:1: 122 daAuts
